[Event "Titled Tuesday Blitz June 20 Early 2023"]
[White "Carrasco Miranda, Andres"]
[Black "Winkels, Marcel"]
[WhiteFideId "3405990"]
[BlackFideId "1003887"]
[WhiteElo "2183"]
[BlackElo "1900"]
[Result "1-0"]
[Round "10"]
[TimeControl "180+2"]
[Date "2023.06.20"]
[WhiteClock "0:00:15"]
[BlackClock "0:00:00"]
[Board "128"]

1. d4 Nf6 2. c4 g6 3. g3 Bg7 4. Bg2 c6 5. Nc3 d5 6. cxd5 cxd5 7. Bf4 O-O 8. Nf3 Ne4 9. O-O Bf5 10. Qb3 Nc6 11. Rfd1 Nxc3 12. bxc3 Na5 13. Qa4 Rc8 14. Qb4 b6 15. Rac1 Rc4 16. Qb2 Rc8 17. Ne5 Nc4 18. Nxc4 Rxc4 19. Qb5 Be6 20. e4 Bg4 21. exd5 Qc8 22. Re1 Rxc3 23. d6 exd6 24. Qb4 Rxc1 25. Rxc1 Qd7 26. Bxd6 Rd8 27. Be5 Bxe5 28. dxe5 Qd1+ 29. Qe1 Qd2 30. h3 Be6 31. a3 Bb3 32. h4 Qxc1 33. Qxc1 Rd1+ 34. Qxd1 Bxd1 35. f4 Kf8 36. Kf2 Ke7 37. Bd5 f6 38. Bg8 fxe5 39. fxe5 h6 40. Ke3 Bc2 41. Kd4 Bb1 42. Bh7 g5 43. Bxb1 1-0


[Site "https://www.chess.com"]

[Event "Titled Tuesday Blitz June 20 Early 2023"]
[White "Hartikainen, Jarmo"]
[Black "Goldin, Roman"]
[WhiteFideId "503134"]
[BlackFideId "2803860"]
[WhiteElo "2167"]
[BlackElo "2312"]
[Result "0-1"]
[Round "10"]
[TimeControl "180+2"]
[Date "2023.06.20"]
[WhiteClock "0:00:02"]
[BlackClock "0:00:14"]
[Board "129"]

1. e4 Nc6 2. Nf3 e5 3. Bc4 Nf6 4. Ng5 d5 5. exd5 b5 6. Bxb5 Qxd5 7. Bf1 Bc5 8. Nc3 Bxf2+ 9. Kxf2 Qd4+ 10. Ke1 Qh4+ 11. g3 Qxg5 12. d3 Qg6 13. Bg2 Bd7 14. Be3 h5 15. Qe2 h4 16. Bf2 O-O-O 17. Kd2 h3 18. Bf3 Nd4 19. Bxd4 exd4 20. Ne4 Nd5 21. Rae1 Qh6+ 22. Kd1 Rhe8 23. Qd2 Ne3+ 24. Kc1 Qb6 25. c4 Bc6 26. Kb1 f5 27. Ng5 Bxf3 28. Nxf3 Re7 29. Ng5 Rde8 30. Nxh3 Qh6 31. Nf4 g5 32. Nd5 Nxd5 33. cxd5 Re3 34. Rc1 Qb6 35. h4 Re2 36. Rc2 Rxd2 37. Rxd2 gxh4 38. gxh4 Qh6 39. h5 Qxd2 40. h6 Qxd3+ 41. Ka1 Qh3 0-1


[Site "https://www.chess.com"]

[Event "Titled Tuesday Blitz June 20 Early 2023"]
[White "Szente Varga, Fruzsina"]
[Black "Saim, Mohamed Ilias"]
[WhiteFideId "712264"]
[BlackFideId "7900465"]
[WhiteElo "1994"]
[BlackElo "2063"]
[Result "1-0"]
[Round "10"]
[TimeControl "180+2"]
[Date "2023.06.20"]
[WhiteClock "0:00:06"]
[BlackClock "0:00:00"]
[Board "130"]

1. e4 c6 2. d4 d5 3. exd5 cxd5 4. c3 Nc6 5. Bd3 Nf6 6. Nf3 g6 7. Bf4 Bf5 8. Bxf5 gxf5 9. O-O Ne4 10. Ne5 e6 11. f3 Nf6 12. Bg5 Be7 13. Nd2 Qb6 14. Nxc6 bxc6 15. b4 O-O 16. Qe1 Kh8 17. Qh4 Qd8 18. f4 Rg8 19. Rf3 a5 20. Rh3 Rg7 21. Nf3 Ng8 22. Ne5 Bxg5 23. fxg5 Ne7 24. Qh6 Ng8 25. Qh5 Qe8 26. a3 f6 27. gxf6 Nxf6 28. Qxe8+ Rxe8 29. Nxc6 Ne4 30. Nxa5 Reg8 31. g3 Nxc3 32. Nc6 Nb5 33. Kf2 Rc8 34. Ne5 Rc2+ 35. Ke3 Rc3+ 36. Kd2 1-0


[Site "https://www.chess.com"]

[Event "Titled Tuesday Blitz June 20 Early 2023"]
[White "Martin, Lewis"]
[Black "Hambleton, Aman"]
[WhiteFideId "410551"]
[BlackFideId "2606577"]
[WhiteElo "2145"]
[BlackElo "2511"]
[Result "0-1"]
[Round "10"]
[TimeControl "180+2"]
[Date "2023.06.20"]
[WhiteClock "0:00:04"]
[BlackClock "0:00:05"]
[Board "131"]

1. e4 c5 2. Nf3 e6 3. d4 cxd4 4. Nxd4 Nc6 5. Nc3 Qc7 6. g3 a6 7. Bg2 Nf6 8. Nde2 b5 9. a3 Bb7 10. O-O h5 11. Bf4 Ne5 12. Re1 h4 13. Qd4 hxg3 14. Bxg3 Nfg4 15. Nd5 exd5 16. exd5 Bc5 17. d6 Qb6 18. Qf4 g5 19. Qxe5+ Nxe5 20. Bxe5 Bxf2+ 21. Kh1 Bxg2+ 22. Kxg2 Bxe1 23. Rxe1 O-O-O 24. Bxh8 Rxh8 25. Ng3 Rxh2+ 26. Kxh2 Qf2+ 0-1


[Site "https://www.chess.com"]

[Event "Titled Tuesday Blitz June 20 Early 2023"]
[White "Antonio, Jorge Carlos"]
[Black "Iskusnyh, Sergei"]
[WhiteFideId "113190"]
[BlackFideId "4120027"]
[WhiteElo "2247"]
[BlackElo "2492"]
[Result "1/2-1/2"]
[Round "10"]
[TimeControl "180+2"]
[Date "2023.06.20"]
[WhiteClock "0:00:03"]
[BlackClock "0:00:09"]
[Board "132"]

1. d4 d5 2. Nf3 Nf6 3. Bf4 c5 4. e3 Nc6 5. c3 Qb6 6. Qc2 g6 7. h3 Bg7 8. Nbd2 cxd4 9. exd4 O-O 10. Qb3 Nh5 11. Bh2 Re8 12. Qxb6 axb6 13. Bb5 Bd7 14. O-O Bh6 15. a4 Nf4 16. Rfe1 Rac8 17. Bxf4 Bxf4 18. Nf1 e6 19. g3 Bd6 20. Ne5 Bxe5 21. dxe5 Nb8 22. Bxd7 Nxd7 23. Ra3 Rc4 24. Nd2 Rc5 25. f4 Ra8 26. b4 Rc7 27. Nf3 Rac8 28. Re3 Nb8 29. Nd4 Nc6 30. Nb5 Rd7 31. Kf2 d4 32. Rd3 Rcd8 33. Nxd4 Nxd4 34. cxd4 Rxd4 35. Ke3 Rxd3+ 36. Rxd3 Rc8 37. Rd6 Rc3+ 38. Kf2 Ra3 39. Rxb6 Rxa4 40. Rxb7 h5 41. h4 Kg7 42. b5 Rb4 43. Ke2 Rb3 44. Kf2 Kf8 45. b6 Kg7 46. Rb8 Rb2+ 47. Ke3 Rb3+ 48. Kf2 Rb1 49. b7 Rb3 50. Kg2 Rb2+ 51. Kf3 Rb6 52. Ke4 Rb3 53. Kd4 Rb1 54. Kc5 Rc1+ 55. Kd6 Rd1+ 56. Ke7 Rb1 57. Kd7 Rb2 58. Kc7 Rc2+ 59. Kb6 Rb2+ 60. Kc7 Rc2+ 61. Kb6 Rb2+ 62. Kc7 1/2-1/2


[Site "https://www.chess.com"]

[Event "Titled Tuesday Blitz June 20 Early 2023"]
[White "Slovineanu, Viacheslav"]
[Black "Bilan, Danila"]
[WhiteFideId "13900510"]
[BlackFideId "24161918"]
[WhiteElo "2312"]
[BlackElo "2146"]
[Result "0-1"]
[Round "10"]
[TimeControl "180+2"]
[Date "2023.06.20"]
[WhiteClock "0:00:00"]
[BlackClock "0:00:05"]
[Board "133"]

1. d4 Nf6 2. Nf3 d5 3. c4 e6 4. e3 c6 5. Nbd2 Nbd7 6. Bd3 Bd6 7. O-O e5 8. dxe5 Nxe5 9. Nxe5 Bxe5 10. cxd5 Qxd5 11. Nf3 Bg4 12. Be2 Bc7 13. h3 Bh5 14. Qxd5 Nxd5 15. Bd2 O-O-O 16. Rfd1 Kb8 17. Kf1 Rhe8 18. a3 Bg6 19. Rac1 f6 20. Nd4 Bb6 21. Nb3 Bf7 22. Nc5 Nc7 23. Bf3 Ne6 24. Nxb7 Kxb7 25. Bxc6+ Kb8 26. Bxe8 Bxe8 27. Bb4 Bb5+ 28. Ke1 a5 29. Rxd8+ Bxd8 30. Bd2 Kb7 31. f4 Bb6 32. Kf2 Nc5 33. Kf3 Bc6+ 34. Ke2 Bxg2 35. Rg1 Bxh3 36. Rxg7+ Kc6 37. Rxh7 Bg4+ 38. Ke1 Nd3+ 39. Kf1 Nxb2 40. Rh6 Bd8 41. Bc3 Nc4 42. Bxf6 Bxf6 43. Rxf6+ Kd5 44. Rg6 Bf5 0-1


[Site "https://www.chess.com"]

[Event "Titled Tuesday Blitz June 20 Early 2023"]
[White "Tuleyeva-Aketayeva, Dana"]
[Black "Luna Javier, Edgar Froylan"]
[WhiteFideId "13701932"]
[BlackFideId "5120101"]
[WhiteElo "2030"]
[BlackElo "2091"]
[Result "1-0"]
[Round "10"]
[TimeControl "180+2"]
[Date "2023.06.20"]
[WhiteClock "0:00:20"]
[BlackClock "0:00:27"]
[Board "134"]

1. d4 Nf6 2. Nf3 g6 3. g3 Bg7 4. Bg2 O-O 5. O-O c5 6. d5 b5 7. a4 b4 8. c4 d6 9. Nbd2 Nbd7 10. Rb1 Rb8 11. b3 Bb7 12. Bb2 e6 13. e4 exd5 14. exd5 Re8 15. Re1 Qc7 16. Qc2 a5 17. Ng5 Nb6 18. Nde4 Nxe4 19. Nxe4 f5 20. Ng5 Be5 21. Ne6 Rxe6 22. dxe6 Bxg2 23. Kxg2 Qc6+ 24. Kg1 Re8 25. Bxe5 dxe5 26. Rxe5 Rxe6 27. Rbe1 Rxe5 28. Rxe5 Nd7 29. Re7 Nf6 30. Qd2 Kf8 31. Qd8+ Ne8 32. Rxh7 Qe6 33. Rh8+ Kf7 34. Qxe8+ Qxe8 35. Rxe8 Kxe8 36. Kf1 Ke7 37. Ke2 Ke6 38. Ke3 Ke5 39. h4 Ke6 40. Kf4 Kf6 41. f3 Kf7 42. Ke5 Ke7 43. Kd5 Kf6 44. Kxc5 Ke5 45. Kb5 Kd4 46. c5 Ke3 47. c6 Kxf3 48. c7 Kxg3 49. c8=Q f4 50. Qe6 g5 51. hxg5 f3 52. Qf6 1-0


[Site "https://www.chess.com"]

[Event "Titled Tuesday Blitz June 20 Early 2023"]
[White "Vafin, Ayrat"]
[Black "Vifleemskaia, Svetlana"]
[WhiteFideId "4146530"]
[BlackFideId "4129490"]
[WhiteElo "2317"]
[BlackElo "1930"]
[Result "1-0"]
[Round "10"]
[TimeControl "180+2"]
[Date "2023.06.20"]
[WhiteClock "0:00:02"]
[BlackClock "0:00:00"]
[Board "135"]

1. e4 e5 2. Nf3 Nc6 3. Bc4 Nf6 4. d3 Be7 5. Nc3 O-O 6. O-O d6 7. h3 Be6 8. Be3 d5 9. exd5 Nxd5 10. Nxd5 Bxd5 11. Bxd5 Qxd5 12. Qe2 Rad8 13. Rfd1 h6 14. Nd2 f5 15. f3 Rf6 16. Nb3 b6 17. d4 e4 18. c4 Qd7 19. fxe4 fxe4 20. Rf1 Rdf8 21. Rxf6 Bxf6 22. Rd1 a5 23. a4 Nb4 24. Ra1 Nd3 25. Qc2 Bh4 26. d5 Qf5 27. Nd4 Qf6 28. Ne6 Rf7 29. Bd4 Qf5 30. Qe2 Qg6 31. Rf1 Ne1 32. Rxf7 Kxf7 33. Kf1 Nd3 34. Kg1 Ne1 35. Kf1 Nd3 36. Be3 Qf5+ 37. Kg1 Bf6 38. Qf1 Qxf1+ 39. Kxf1 Nxb2 40. Nxc7 Nxc4 41. Ke2 Ke7 42. Nb5 Nb2 43. Bxb6 Nxa4 44. Bxa5 Kd7 45. Bb4 Bg5 46. g3 Nb6 47. h4 Nxd5 48. hxg5 Nxb4 49. g6 Ke6 50. Nc3 Kf5 51. Nd1 Nd5 52. Kf2 Kxg6 53. Ke2 Kf5 54. Nf2 Ke5 55. Nd1 1-0


[Site "https://www.chess.com"]

[Event "Titled Tuesday Blitz June 20 Early 2023"]
[White "KSho99"]
[Black "Buchenau, Frank"]
[BlackFideId "4604350"]
[WhiteElo "2209"]
[BlackElo "2157"]
[Result "0-1"]
[Round "10"]
[TimeControl "180+2"]
[Date "2023.06.20"]
[WhiteClock "0:00:00"]
[BlackClock "0:00:44"]
[Board "136"]

1. d4 e6 2. Nc3 Nf6 3. Bf4 d5 4. e3 a6 5. g4 c5 6. g5 Nfd7 7. Qg4 Nc6 8. O-O-O Be7 9. Qg3 Nf8 10. dxc5 Ng6 11. Bc7 Qd7 12. Bh3 Bxc5 13. Nxd5 Qxd5 14. Rxd5 exd5 15. Bd6 Bxd6 16. Qxd6 Bxh3 17. Nxh3 Rd8 18. Qa3 h6 19. Nf4 hxg5 20. Nxg6 fxg6 21. Qd3 Kf7 22. f4 g4 23. Qe2 Rh4 24. Qg2 Rdh8 25. Qxd5+ Ke7 26. Qg5+ Kf7 27. Rf1 R8h5 0-1


[Site "https://www.chess.com"]

[Event "Titled Tuesday Blitz June 20 Early 2023"]
[White "Ramirez Vido, Robert Yorisan"]
[Black "Gardezi, Arsal"]
[WhiteFideId "3513823"]
[BlackFideId "30949521"]
[WhiteElo "2388"]
[BlackElo "1906"]
[Result "0-1"]
[Round "10"]
[TimeControl "180+2"]
[Date "2023.06.20"]
[WhiteClock "0:00:00"]
[BlackClock "0:01:16"]
[Board "137"]

1. Nf3 Nf6 2. g3 g6 3. Bg2 Bg7 4. O-O O-O 5. d4 d6 6. c4 Nbd7 7. Nc3 e5 8. dxe5 dxe5 9. Bg5 c6 10. Qd6 Qb6 11. Na4 Qa6 12. b3 e4 13. Nd2 Ne8 14. Qf4 f6 15. Bh6 g5 16. Bxg5 fxg5 17. Qxg5 b5 18. cxb5 Qxb5 19. Qh4 Nef6 20. Nxe4 Nxe4 21. Bxe4 Nf6 22. Bd3 Qh5 23. Qc4+ Kh8 24. Qxc6 Rb8 25. Rac1 Bb7 26. Qc7 Nd5 27. Qd6 Qh3 28. f3 Ne3 29. Rf2 Rbd8 30. Qe7 Rde8 31. Qxb7 Bd4 0-1


[Site "https://www.chess.com"]

[Event "Titled Tuesday Blitz June 20 Early 2023"]
[White "Dwilewicz, Katarzyna"]
[Black "Torres Dominguez, David"]
[WhiteFideId "1148486"]
[BlackFideId "2220857"]
[WhiteElo "2098"]
[BlackElo "1999"]
[Result "0-1"]
[Round "10"]
[TimeControl "180+2"]
[Date "2023.06.20"]
[WhiteClock "0:00:59"]
[BlackClock "0:00:48"]
[Board "138"]

1. e4 Nc6 2. d4 e5 3. d5 Nce7 4. Nc3 Ng6 5. Be3 Bb4 6. Ne2 d6 7. Qd3 Bd7 8. O-O-O N8e7 9. Kb1 O-O 10. h4 f5 11. h5 Nf4 12. Bxf4 exf4 13. Nxf4 fxe4 14. Qxe4 Bxc3 15. bxc3 Bf5 16. Qe3 Qd7 17. Bd3 Rae8 18. Qd4 Bxd3 19. cxd3 Nf5 20. Qc4 b5 21. Qb3 Nd4 22. cxd4 Rxf4 23. f3 Rxd4 24. Rhe1 a5 25. Re4 Rexe4 26. dxe4 Rb4 27. Kb2 Qe7 28. Qxb4 axb4 29. Kb3 Qe5 30. Kxb4 Qb2+ 31. Ka5 Qxa2+ 32. Kxb5 Qe2+ 0-1


[Site "https://www.chess.com"]

[Event "Titled Tuesday Blitz June 20 Early 2023"]
[White "Semenova, Alina"]
[Black "Bueno, Alfeu Junior Varela"]
[WhiteFideId "24113875"]
[BlackFideId "2108879"]
[WhiteElo "1833"]
[BlackElo "2175"]
[Result "0-1"]
[Round "10"]
[TimeControl "180+2"]
[Date "2023.06.20"]
[WhiteClock "0:00:05"]
[BlackClock "0:00:43"]
[Board "139"]

1. e4 e6 2. d4 d5 3. exd5 exd5 4. Bd3 Nc6 5. c3 Bd6 6. Qf3 Nf6 7. Bg5 Be7 8. h3 Be6 9. Ne2 Qd7 10. Nf4 O-O-O 11. Nxe6 Qxe6+ 12. Qe3 Ne4 13. Bxe7 Qxe7 14. Nd2 f5 15. O-O-O Rhe8 16. Qf4 Qf6 17. f3 g5 18. Qe3 Nxc3 19. Qf2 Nxd1 20. Rxd1 Nxd4 21. Kb1 h6 22. Nf1 Ne6 23. Qxa7 c6 24. Ne3 f4 25. Qa8+ Kc7 26. Qa5+ Kb8 27. Ng4 Qg7 28. Qb6 h5 29. Nf2 Qd4 30. Qxd4 Nxd4 31. Bg6 Re2 32. Rxd4 Rxf2 33. Bxh5 Rxg2 34. Bg4 Re8 35. Rd1 Ree2 36. Bf5 Rxb2+ 37. Kc1 Rxa2 38. Kb1 Rgb2+ 39. Kc1 Ra1+ 40. Kxb2 Rxd1 41. Kc2 Rd4 42. Bg4 Kc7 43. Kc3 c5 44. Kb3 b5 45. Kc3 b4+ 46. Kc2 c4 47. Kb2 Rd2+ 48. Kc1 c3 49. Kb1 b3 50. Kc1 d4 51. Kb1 Rd1# 0-1


[Site "https://www.chess.com"]

[Event "Titled Tuesday Blitz June 20 Early 2023"]
[White "Shapiro, Daniel"]
[Black "Skiadopoulos, Nikolaos"]
[WhiteFideId "2001780"]
[BlackFideId "4200772"]
[WhiteElo "2337"]
[BlackElo "2022"]
[Result "1-0"]
[Round "10"]
[TimeControl "180+2"]
[Date "2023.06.20"]
[WhiteClock "0:00:55"]
[BlackClock "0:01:06"]
[Board "140"]

1. d4 Nf6 2. c4 c5 3. d5 b5 4. cxb5 a6 5. e3 g6 6. Nc3 Bg7 7. Nf3 O-O 8. a4 d6 9. Ra3 e6 10. Be2 h6 11. O-O Bb7 12. dxe6 fxe6 13. Qc2 Qe8 14. Rd1 Bxf3 15. Bxf3 d5 16. e4 d4 17. e5 Nd5 18. Nxd5 exd5 19. Bxd5+ Kh7 20. Bxa8 Qxe5 21. Be4 Rf6 22. Rg3 axb5 23. Rxg6 Rxg6 24. Bxg6+ Kh8 25. axb5 Nd7 26. Qe4 Qxe4 27. Bxe4 c4 28. Bd2 Nc5 29. Bd5 c3 30. bxc3 dxc3 31. Be3 Na4 32. b6 1-0


[Site "https://www.chess.com"]

[Event "Titled Tuesday Blitz June 20 Early 2023"]
[White "Sanchez, Robert"]
[Black "Vaglio Munoz, Jaime"]
[WhiteFideId "2034360"]
[BlackFideId "6500145"]
[WhiteElo "2025"]
[BlackElo "2199"]
[Result "1-0"]
[Round "10"]
[TimeControl "180+2"]
[Date "2023.06.20"]
[WhiteClock "0:00:08"]
[BlackClock "0:00:28"]
[Board "141"]

1. e4 c5 2. Nf3 Qa5 3. Nc3 a6 4. d4 b5 5. dxc5 e6 6. Bd3 b4 7. Ne2 Bxc5 8. O-O Bb7 9. Ng3 Nf6 10. e5 Nd5 11. Ne4 Be7 12. Bg5 Bf8 13. Re1 h6 14. Bd2 Qc7 15. Rc1 Nc6 16. c4 bxc3 17. Nxc3 Nxc3 18. Bxc3 Be7 19. Bb1 Qb6 20. Nd4 Rd8 21. Qg4 Bg5 22. Rcd1 Nxd4 23. Bxd4 Qc6 24. Be4 Qc8 25. Bxb7 Qxb7 26. f4 Be7 27. Qxg7 Rf8 28. Qxh6 d6 29. exd6 Rxd6 30. Bg7 Qb6+ 31. Kh1 Qf2 32. Bxf8 Rd2 33. Rg1 Bxf8 34. Rxd2 Qxd2 35. Qh3 Bc5 36. Rf1 Ke7 37. f5 e5 38. f6+ Kd6 39. Qb3 Bd4 40. Qxf7 Qe2 41. Ra1 Qxb2 42. Rd1 Qc2 43. Qb3 Qe2 44. f7 Qf2 45. h3 e4 46. Rxd4+ Qxd4 47. f8=Q+ Kd7 48. Qb7+ Ke6 49. Qff7+ Kd6 50. Qfd7+ Ke5 51. Qxd4+ Kxd4 52. Kg1 e3 53. Kf1 Kd3 54. Ke1 e2 55. h4 Ke3 56. h5 Kf4 57. h6 Kg3 58. h7 Kh2 59. h8=Q+ Kg1 60. Qd4+ Kh2 61. Kxe2 Kh1 62. Kd3 Kh2 63. Qb1 Kg3 64. Qe3+ Kh2 65. Qf4+ Kxg2 66. Qg4+ Kf2 67. Qbg1# 1-0


[Site "https://www.chess.com"]

[Event "Titled Tuesday Blitz June 20 Early 2023"]
[White "Gyulamiryan-koryun"]
[Black "Ouellet, Maili-Jade"]
[BlackFideId "2620472"]
[WhiteElo "1831"]
[BlackElo "2077"]
[Result "1-0"]
[Round "10"]
[TimeControl "180+2"]
[Date "2023.06.20"]
[WhiteClock "0:00:53"]
[BlackClock "0:00:00"]
[Board "142"]

1. d4 Nf6 2. c4 g6 3. Nc3 d5 4. Nf3 Bg7 5. h4 h5 6. Bg5 c6 7. e3 Ne4 8. Nxe4 dxe4 9. Nd2 Bf5 10. Qb3 Qb6 11. Qa3 f6 12. Bf4 Nd7 13. b4 a5 14. b5 cxb5 15. cxb5 O-O 16. Qxe7 Rfc8 17. Bc4+ Kh7 18. O-O a4 19. Rfc1 Qa5 20. Nf1 Re8 21. Qd6 Rac8 22. Qa3 Nb6 23. Be2 Nd5 24. Bg3 Nc3 25. Bd1 Nxd1 26. Rxd1 Qxb5 27. Rab1 Qa6 28. Qb4 Rc2 29. a3 Bc8 30. Rdc1 Rxc1 31. Rxc1 b5 32. Rc7 Bb7 33. Bd6 Bd5 34. Bf8 1-0


[Site "https://www.chess.com"]

[Event "Titled Tuesday Blitz June 20 Early 2023"]
[White "Zaichenko, Daria"]
[Black "profedechess93"]
[WhiteFideId "4197453"]
[WhiteElo "2039"]
[BlackElo "2550"]
[Result "0-1"]
[Round "10"]
[TimeControl "180+2"]
[Date "2023.06.20"]
[WhiteClock "0:00:10"]
[BlackClock "0:00:41"]
[Board "143"]

1. e4 e6 2. d4 d5 3. e5 c5 4. c3 Nc6 5. Nf3 Qb6 6. a3 c4 7. Be2 f6 8. exf6 Nxf6 9. Ne5 Nxe5 10. dxe5 Ne4 11. O-O Bc5 12. Nd2 Nxf2 13. Qc2 Ng4+ 14. Kh1 Ne3 15. Bh5+ Kd8 16. Qb1 Nxf1 17. Nxf1 Rf8 18. Bg5+ Kc7 19. b4 cxb3 20. Qxh7 b2 21. Rb1 Bd7 22. Nd2 Be3 23. Bxe3 Qxe3 24. Qc2 Rf2 25. Bf3 Qxd2 0-1


[Site "https://www.chess.com"]

[Event "Titled Tuesday Blitz June 20 Early 2023"]
[White "luachess1"]
[Black "Georg, Heinz"]
[BlackFideId "4607295"]
[WhiteElo "1706"]
[BlackElo "2263"]
[Result "0-1"]
[Round "10"]
[TimeControl "180+2"]
[Date "2023.06.20"]
[WhiteClock "0:00:09"]
[BlackClock "0:01:04"]
[Board "144"]

1. d4 f5 2. Bg5 h6 3. Bf4 Nf6 4. h3 d6 5. c4 g5 6. Bh2 Bg7 7. e3 O-O 8. Nc3 Nc6 9. Bd3 e5 10. dxe5 dxe5 11. Nge2 Be6 12. O-O a6 13. a3 Rf7 14. b4 e4 15. Bc2 Bxc4 16. Re1 Nd5 17. Nxd5 Bxa1 18. Bb3 Bxb3 19. Qxb3 Bg7 20. Nxc7 Rc8 21. Ne6 Qf6 22. Nc5 Kh7 23. Rd1 Ne5 24. Nd4 Nc6 25. Nxc6 Rxc6 26. Qd5 Bf8 27. a4 Bxc5 28. bxc5 Qe6 29. Bd6 Qxd5 30. Rxd5 Kg6 31. Re5 Kf6 32. Re8 b6 33. Ra8 bxc5 34. Bf8 c4 35. Bxh6 c3 36. Rb8 c2 0-1


[Site "https://www.chess.com"]

[Event "Titled Tuesday Blitz June 20 Early 2023"]
[White "Modric, Nesa"]
[Black "Vargas Rodriguez, Wilver"]
[WhiteFideId "922579"]
[BlackFideId "3509672"]
[WhiteElo "2167"]
[BlackElo "2245"]
[Result "1/2-1/2"]
[Round "10"]
[TimeControl "180+2"]
[Date "2023.06.20"]
[WhiteClock "0:01:24"]
[BlackClock "0:00:05"]
[Board "145"]

1. e4 c5 2. c3 Nf6 3. e5 Nd5 4. Nf3 Nc6 5. d4 cxd4 6. Bc4 Nb6 7. Bb3 d5 8. exd6 Qxd6 9. O-O Be6 10. Na3 Bxb3 11. Qxb3 Qb8 12. g3 e6 13. Nb5 Bd6 14. Nxd6+ Qxd6 15. Bf4 Qd5 16. Qxd5 Nxd5 17. Nxd4 Nxd4 18. cxd4 Nxf4 19. gxf4 Rd8 20. Rfd1 Rd5 21. Rac1 Kd7 22. Kg2 Rc8 23. Rxc8 Kxc8 24. Kf3 Kd7 25. h4 g6 26. Ke4 Kd6 27. f3 Rh5 28. Rh1 Rb5 29. b3 Ra5 30. a4 b5 31. axb5 Rxb5 32. Rb1 a5 33. Rb2 a4 34. b4 a3 35. Ra2 Rxb4 36. Rxa3 Ke7 37. Ke5 Rb5+ 38. Ke4 Rb4 39. Ke5 Rb5+ 40. Ke4 Kf6 41. Ra1 h6 42. Rh1 Kg7 43. Rh2 Rb3 44. h5 g5 45. fxg5 hxg5 46. f4 g4 47. f5 g3 48. Rg2 exf5+ 49. Kxf5 Kh6 50. Kg4 Rd3 51. Rxg3 Rxd4+ 52. Kf5 Rd5+ 53. Kf6 Rxh5 54. Kxf7 Rh1 55. Rg6+ Kh7 56. Rg7+ Kh8 57. Rg8+ Kh7 58. Rg7+ Kh8 59. Rg8+ Kh7 60. Rg7+ 1/2-1/2


[Site "https://www.chess.com"]

[Event "Titled Tuesday Blitz June 20 Early 2023"]
[White "Francisco_Ferrari"]
[Black "Floresvillar Gonzalez, Luis Migu"]
[BlackFideId "5100542"]
[WhiteElo "2258"]
[BlackElo "2040"]
[Result "1-0"]
[Round "10"]
[TimeControl "180+2"]
[Date "2023.06.20"]
[WhiteClock "0:00:18"]
[BlackClock "0:00:00"]
[Board "146"]

1. e4 c5 2. Nf3 d6 3. Bb5+ Nc6 4. d4 cxd4 5. Qxd4 Bd7 6. Bxc6 bxc6 7. Nc3 e5 8. Qd2 Be7 9. O-O Nf6 10. b3 O-O 11. Ba3 Qc7 12. Rad1 Qa5 13. Na4 Qxd2 14. Nxd2 Rfe8 15. f3 d5 16. Bxe7 Rxe7 17. Nc5 Be8 18. Rfe1 d4 19. Nc4 Nd7 20. Nxd7 Bxd7 21. b4 f6 22. c3 dxc3 23. Rd3 c2 24. Rc1 Be6 25. Rxc2 Rb8 26. a3 Bxc4 27. Rxc4 a5 28. bxa5 Ra8 29. Rc5 Ra6 30. Rb3 Rea7 31. Kf2 Rxa5 32. Rxa5 Rxa5 33. Ke3 Kf7 34. Kd3 Ke6 35. Kc4 Kd6 36. Rd3+ Kc7 37. g4 1-0


[Site "https://www.chess.com"]

[Event "Titled Tuesday Blitz June 20 Early 2023"]
[White "Clawitter, Craig"]
[Black "Baruch, Liam"]
[WhiteFideId "2023105"]
[BlackFideId "14322064"]
[WhiteElo "2236"]
[BlackElo "2124"]
[Result "0-1"]
[Round "10"]
[TimeControl "180+2"]
[Date "2023.06.20"]
[WhiteClock "0:00:00"]
[BlackClock "0:01:52"]
[Board "147"]

1. e4 e5 2. Nc3 Nc6 3. f4 Bc5 4. Nf3 d6 5. Bb5 Nf6 6. d3 O-O 7. Na4 Bb6 8. Bxc6 bxc6 9. fxe5 dxe5 10. Nxb6 cxb6 11. Nxe5 Re8 12. Bf4 Re6 13. c3 Qe8 14. Nf3 Nxe4 15. O-O Nf6 16. Nd4 Re7 17. Qd2 c5 18. Nf3 Bb7 19. Rae1 Nd5 20. Rxe7 Qxe7 21. Re1 Qf6 0-1


[Site "https://www.chess.com"]

[Event "Titled Tuesday Blitz June 20 Early 2023"]
[White "Cardenas Carbajal, Nilson"]
[Black "Butti, Enrique"]
[WhiteFideId "8401128"]
[BlackFideId "3700470"]
[WhiteElo "1972"]
[BlackElo "2080"]
[Result "1-0"]
[Round "10"]
[TimeControl "180+2"]
[Date "2023.06.20"]
[WhiteClock "0:00:10"]
[BlackClock "0:00:18"]
[Board "148"]

1. e4 c5 2. d4 cxd4 3. c3 d3 4. Bxd3 Nc6 5. Nf3 g6 6. O-O Bg7 7. Qe2 d6 8. Rd1 Qc7 9. h3 Nf6 10. Na3 O-O 11. Nb5 Qb8 12. a4 b6 13. Bf4 Nd7 14. Bc2 Nde5 15. Bb3 Bb7 16. Rd2 a6 17. Nbd4 Na5 18. Ba2 Rc8 19. Rad1 Nac4 20. Bxe5 Nxe5 21. Nxe5 Bxe5 22. Qf3 Rf8 23. Qg4 Bc8 24. Qg5 Bf6 25. Qe3 b5 26. f4 b4 27. Nc6 Qb7 28. Bd5 Qc7 29. e5 dxe5 30. fxe5 Bg7 31. Nxb4 Rb8 32. Re2 a5 33. Nc6 Rb6 34. e6 Rxc6 35. exf7+ Kh8 36. Bxc6 Qxc6 37. Qxe7 Qb6+ 38. Kh1 Bb7 39. Qe8 Bc6 40. Qe7 Qb7 41. Qxb7 Bxb7 42. Rd7 Bc6 43. Rc7 Bd5 44. Re8 h6 45. b4 axb4 46. cxb4 Kh7 47. b5 g5 48. Rxf8 Bxf8 49. b6 Kg7 50. b7 Bxb7 51. Rxb7 1-0


[Site "https://www.chess.com"]

[Event "Titled Tuesday Blitz June 20 Early 2023"]
[White "Prydun, Andriy"]
[Black "Zallio, Luciano de Souza"]
[WhiteFideId "14145898"]
[BlackFideId "2109700"]
[WhiteElo "2164"]
[BlackElo "2057"]
[Result "1/2-1/2"]
[Round "10"]
[TimeControl "180+2"]
[Date "2023.06.20"]
[WhiteClock "0:00:16"]
[BlackClock "0:00:36"]
[Board "149"]

1. e4 e6 2. d3 d5 3. Nd2 Nf6 4. Ngf3 c5 5. g3 Be7 6. Bg2 O-O 7. O-O b6 8. Re1 Bb7 9. c3 Nc6 10. Qe2 dxe4 11. Nxe4 Nxe4 12. dxe4 e5 13. h4 h6 14. Nh2 Qc7 15. Qh5 Bc8 16. Ng4 Bxg4 17. Qxg4 Kh8 18. Be3 Rad8 19. Rad1 Rxd1 20. Rxd1 Rd8 21. Rd5 Bf8 22. a3 g6 23. h5 g5 24. Bh3 Ne7 25. Rd1 Rd6 26. Qe2 Qd8 27. Bg4 Rxd1+ 28. Qxd1 Qxd1+ 29. Bxd1 Kg7 30. Ba4 Nc8 31. Bb5 Bd6 32. Bd3 Ne7 33. Bb5 f6 34. Kg2 Kf7 35. Kf3 Ke6 36. Kg4 Kf7 37. Bd7 Ng8 38. b4 cxb4 39. cxb4 Ne7 40. f3 Ng8 41. Bd2 Ne7 42. a4 Ng8 43. a5 bxa5 44. bxa5 Bc5 45. Bc6 Ne7 46. Bb7 Ke6 47. a6 Kd6 48. Ba5 Kd7 49. Bc3 Kc7 50. Ba5+ Bb6 51. Bb4 Kd7 52. Bxe7 Kxe7 53. Kf5 Kf7 54. Bd5+ Kg7 55. Ke6 Bf2 56. g4 Bb6 57. Kd7 Be3 58. Be6 Bf2 59. Bf5 Be3 60. Ke6 Bf2 61. Kd7 Be3 62. Kc6 Bf2 63. Kb7 Be3 64. Kc6 Bf2 65. Kb7 Be3 66. Kc6 1/2-1/2


[Site "https://www.chess.com"]